 Dungeon Crawl Stone Soup version 0.30-a0-847-g17996783a1 (webtiles) character file.

Game seed: 4608789285487567213

135 qeuew the Cudgeller (level 5, 0/28 HPs)
             Began as a Gargoyle Gladiator on Mar 3, 2023.
             Slain by a black bear (4 damage)
             ... on level 4 of the Dungeon.
             The game lasted 00:03:04 (2661 turns).

qeuew the Cudgeller (Gargoyle Gladiator)            Turns: 2661, Time: 00:03:05

Health: 0/28       AC:  8    Str: 25    XL:     5   Next: 18%
Magic:  5/5        EV: 12    Int:  9    God:
Gold:   119        SH:  0    Dex: 11    Spells: 4/4 levels left

rFire   + . .      SeeInvis +    n - +1 flail (holy)
rCold   . . .      Faith    .    (no shield)
rNeg    + . .      Spirit   .    b - +0 leather armour
rPois   ∞          Reflect  .    c - +0 helmet
rElec   +          Rampage  .    (no cloak)
rCorr   .                        (no gloves)
Will    +....                    (no boots)
Stlth   +                        (no amulet)
HPRegen 0.24/turn                g - +6 ring of strength
MPRegen 0.09/turn                m - ring of see invisible

@: no status effects
A: sickness immunity, AC +4, negative energy resistance 1, electricity
resistance, torment resistance 1, petrification resistance, hooves 1, fire
resistance 1, frail 1, strong-willed 1
a: no special abilities


You were on level 4 of the Dungeon.
You visited 1 branch of the dungeon, and saw 4 of its levels.

You collected 119 gold pieces.

Inventory:

Hand Weapons
 n - a +1 flail of holy wrath (weapon)
Missiles
 d - 2 throwing nets (quivered)
 e - a javelin
Armour
 b - a +0 leather armour (worn)
 c - a +0 helmet (worn)
Jewellery
 g - a +6 ring of strength (left hand)
 m - a ring of see invisible (right hand)
Scrolls
 a - a scroll of enchant armour {unknown}
 f - a scroll of silence
 h - a scroll of poison
 l - a scroll of magic mapping
Potions
 i - 2 potions of berserk rage


   Skills:
 + Level 2.8 Fighting
 * Level 4.0 Maces & Flails
 * Level 2.9 Throwing
 + Level 1.4 Armour
 + Level 2.9 Dodging


You had 4 spell levels left.
You didn't know any spells.
Your spell library contained the following spells:

 Spells                   Type           Power      Damage    Failure   Level
 Shock                    Conj/Air       0%         1d3       43%         1
 Blink                    Tloc           0%         N/A       56%         2
 Lesser Beckoning         Tloc           0%         N/A       56%         2
 Momentum Strike          Conj/Tloc      0%         3d8       56%         2
 Swiftness                Air            0%         N/A       80%         3
 Tukima's Dance           Hex            0%         N/A       80%         3
 Airstrike                Air            0%         2d(0-16)  99%         4
 Passage of Golubria      Tloc           0%         N/A       99%         4
 Yara's Violent Unravell  Hex/Tmut       0%         3d3       100%        5


Dungeon Overview and Level Annotations

Branches:
Dungeon (4/15)
 Temple: D:4-7

Altars:
Ru


Innate Abilities, Weirdness & Mutations

You are immune to sickness and miasma.
Your stone body is resilient. (AC +4)
You are immune to poison.
You resist negative energy. (rN+)
You are resistant to electric shocks. (rElec)
You are resistant to unholy torment.
You are immune to petrification.
You have large cloven feet.
Your flesh is heat resistant. (rF+)
You are frail. (-10% HP)
You are strong-willed. (Will+)


Message History

The black bear claws you but does no damage.
The orc closely misses you.
You closely miss the black bear.
You kick the black bear, but do no damage.
The black bear is moderately wounded.
The black bear closely misses you. The black bear claws you.
The black bear claws you but does no damage.
The orc hits you but does no damage.
There are monsters nearby!
You hit the black bear but do no damage.
The black bear is moderately wounded.
The orc misses you.
The black bear bites you but does no damage.
The black bear claws you. The black bear misses you.
You barely miss the black bear. Your kick misses the black bear.
The black bear is moderately wounded.
The orc hits you with a +0 club. The black bear barely misses you.
The black bear claws you but does no damage.
The black bear barely misses you.
You sock the black bear! You kick the black bear.
The black bear is severely wounded.
The orc hits you but does no damage.
The black bear goes berserk!
You barely miss the black bear.
The black bear is severely wounded.
The black bear barely misses you.
The black bear claws you but does no damage.
The black bear misses you. The orc barely misses you. The black bear bites you.
* * * LOW HITPOINT WARNING * * *
The black bear misses you. The black bear claws you.
* * * LOW HITPOINT WARNING * * *
The orc hits you but does no damage.
You barely miss the black bear.
The black bear is severely wounded.
The black bear closely misses you. The black bear misses you.
The black bear claws you.
* * * LOW HITPOINT WARNING * * *
The black bear barely misses you.
The black bear claws you but does no damage.
The black bear claws you.
You die...

...... ..# ..)...
#.. ..... #.)# ...#
...## #.## ....##.
#..##..#....
#...#....#
#)..@h...#
##....o...# .
##.#######.... ..
##.#..~~~..#...
...##.#..~...~..# ..
.....#...~._.~...#..
.....#..~...~..#...
#.##..#..~~~..#.. #.
##..#######.#


You could see a black bear (berserk) and an orc.

Vanquished Creatures
  An orc wizard (D:3)
  4 gnolls
  An adder (D:3)
  A worm (D:3)
  6 orcs
  8 ball pythons
  3 bats
  3 endoplasms
  A giant cockroach (D:3)
  2 goblins (D:2)
  4 hobgoblins
  2 jackals (D:3)
  2 quokkas
  5 frilled lizards
  6 kobolds
  5 rats
54 creatures vanquished.

Notes
Turn   | Place    | Note
-------+----------+-------------------------------------------
     0 | D:1      | qeuew the Gargoyle Gladiator began the quest for the Orb.
     0 | D:1      | Reached XP level 1. HP: 12/12 MP: 1/1
    68 | D:1      | Reached XP level 2. HP: 3/18 MP: 2/2
   817 | D:1      | Gained mutation: You are frail. (-10% HP) [potion of
                  | mutation]
   817 | D:1      | Gained mutation: You have large cloven feet. [potion of
                  | mutation]
   817 | D:1      | Gained mutation: You have hidden genetic potential. [potion
                  | of mutation]
   909 | D:2      | Reached XP level 3. HP: 19/19 MP: 3/3
  1136 | D:2      | Reached skill level 1 in Armour
  1138 | D:2      | Reached XP level 4. HP: 11/24 MP: 4/4
  1142 | D:2      | Gained mutation: You are strong-willed. (Will+) [hidden
                  | potential]
  2021 | D:3      | Reached XP level 5. HP: 28/28 MP: 5/5
  2038 | D:3      | Gained mutation: Your flesh is heat resistant. (rF+)
                  | [hidden potential]
  2038 | D:3      | Lost mutation: You have hidden genetic potential. [hidden
                  | potential expressed]
  2089 | D:3      | Reached skill level 4 in Maces & Flails
  2624 | D:4      | Found a sacrificial altar of Ru.
  2650 | D:4      | Noticed a black bear
  2661 | D:4      | Slain by a black bear

Illustrated notes

Levels and vault maps discovered:
D:1:      spicycebolla_arrival_xxxplode, layout_loops_ring, chequers_jeans
D:2:      layout_loops_ring
D:3:      layout_loops_corners
D:4:      layout_rooms, nicolae_ru_awakened_eye

Skill      XL: |  1  2  3  4  5 |
---------------+----------------+-----
Throwing       | 2 |  2.9
Armour         | 1 |  1.4
Maces & Flails | 4 |  4.0
Fighting       | |  2.8
Dodging        | |  2.9

Action                     |  1- 3 |  4- 6 || total
---------------------------+-------+-------++-------
  Melee: Flail             |    62 |    94 ||   156
         Kick              |     3 |    25 ||    28
  Throw: Throwing net      |     3 |       ||     3
    Use: Scroll            |     4 |     8 ||    12
         Potion            |     1 |       ||     1
   Stab: Sleeping          |     1 |       ||     1
 Armour: Leather armour    |    22 |    50 ||    72
  Dodge: Dodged            |    53 |    64 ||   117

Table legend: (Time is in decaauts)
 A = Elapsed time spent in this place.
 B = Non-inter-level travel time spent in this place.
 C = Inter-level travel time spent in this place.
 D = Time resting spent in this place.
 E = Time spent auto-exploring this place.
 F = Levels seen in this place.
 G = Mean time per level.
                   A        B        C        D        E       F      G
               +--------+--------+--------+--------+--------+-----+--------+
         Total |   2710 |   2577 |    133 |      0 |   2173 |   4 |  677.5 |
       Dungeon |   2710 |   2577 |    133 |      0 |   2173 |   4 |  677.5 |
               +--------+--------+--------+--------+--------+-----+--------+

Top non-repeatable levels by time:
     D:3: 1057 daAuts
     D:1: 854 daAuts
     D:2: 746 daAuts
     D:4: 51 daAuts
